 Dungeon Crawl Stone Soup version 0.31.0-12-g77e489cdc1 (webtiles) character file.

Game seed: 13691200493664277533

59 sking99 the Cudgeller (level 4, -5/29 HPs)
             Began as a Gargoyle Berserker on Feb 24, 2024.
             Was a Believer of Trog.
             Engulfed by a cloud of flame (19 damage)
             ... on level 2 of the Dungeon.
             The game lasted 00:02:15 (1510 turns).

sking99 the Cudgeller (Gargoyle Berserker)          Turns: 1510, Time: 00:02:16

Health: -5/29      AC:  5    Str: 23    XL:     4   Next: 3%
Magic:  4/4        EV: 16    Int:  7    God:    Trog [**....]
Gold:   124        SH:  5    Dex:  9    Spells: 3/3 levels left

rFire   . . .        a - +0 mace
rCold   . . .        (no shield)
rNeg    + . .        b - +0 animal skin
rPois   ∞            (no helmet)
rElec   +            (no cloak)
rCorr   .            (no gloves)
SInv    .            (no boots)
Will    .....        f - amulet of reflection
Stlth   +            c - +5 ring of evasion
HPRegen 0.24/turn    (no ring)
MPRegen 0.09/turn

%: reflection
@: no status effects
A: sickness immunity, AC +3, negative energy resistance 1, electricity
resistance, torment resistance 1, petrification resistance
a: Renounce Religion, Berserk, Trog's Hand


You were on level 2 of the Dungeon.
You worshipped Trog.
Trog was pleased with you.
You visited 1 branch of the dungeon, and saw 2 of its levels.

You collected 124 gold pieces.

Inventory:

Hand Weapons
 a - a +0 mace (weapon)
Armour
 b - a +0 animal skin (worn)
Jewellery
 c - a +5 ring of evasion (left hand)
 f - an amulet of reflection (around neck)
 g - a ring of fire
Scrolls
 e - 2 scrolls of identify {unknown}
 h - 3 scrolls of poison {unknown}
 k - a scroll of fear {unknown}
 l - a scroll of fog {unknown}
 m - a scroll of vulnerability {unknown}
 n - a scroll of enchant weapon {unknown}
Potions
 d - a potion of mutation {unknown}
 i - 3 potions of curing {unknown}
 j - a potion of degeneration {unknown}


   Skills:
 + Level 3.9 Fighting
 * Level 4.0 Maces & Flails
 + Level 2.9 Armour
 - Level 1.5 Dodging


You had 3 spell levels left.
You didn't know any spells.
Your spell library was empty.

Dungeon Overview and Level Annotations

Branches:
Dungeon (2/15)

Altars:

Shops:
D:2 :


Innate Abilities, Weirdness & Mutations

You are immune to sickness and miasma.
Your stone body is resilient. (AC +3)
You are immune to poison.
You resist negative energy. (rN+)
You are resistant to electric shocks. (rElec)
You are resistant to unholy torment.
You are immune to petrification.


Message History

Found a stone staircase leading down.
A bat is nearby!
The bat misses you.
You closely miss the bat. The bat closely misses you. x2
You miss the bat. The bat hits you. The bat misses you.
You closely miss the bat. The bat closely misses you.
You block the bat's attack.
You barely miss the bat. The bat barely misses you.
The bat hits you but does no damage. You block the bat's attack.
You hit the bat.
You kill the bat!
Trog accepts your kill.
Your Maces & Flails skill increases to level 4!
No target in view!
You see here a bat corpse.
There is a stone staircase leading down here.
You see here a ribbon worm corpse.
There is an escape hatch in the ceiling here.
A dart slug comes into view.
A dart slug is nearby!
A dart slug is nearby!
A dart slug is nearby!
You thump the dart slug!
You kill the dart slug!
Trog accepts your kill.
You have reached level 4!
You feel stronger.
You see here a dart slug corpse.
Found a stone staircase leading down.
There is a stone staircase leading down here.
You see here 6 stones.
Partly explored, can't reach some items and places.
Partly explored, can't reach some items and places.
Partly explored, can't reach some items and places.
Found 5 gold pieces.
You are engulfed in blazing flames.
Ouch! That really hurt!
You are engulfed in blazing flames.
Ouch! That really hurt!
You die...

#..# #.# #...# ##.#
#§°§# #... #.☼°# #..#
#§§.# #..# ##...######
#..# §.$...○°○.###
###..# ....$.☼☼☼...#
#....#
..$.$.§@§.#.#######.#.##
##...#####..........#.#
#§ ############.# #.##
#... ### ###. #.# #. #.#
#. #.# #.


There were no monsters in sight!

Vanquished Creatures
  2 dart slugs
  3 ribbon worms (D:2)
  4 endoplasms (D:1)
  2 giant cockroaches (D:1)
  A goblin (D:2)
  6 hobgoblins
  2 jackals (D:2)
  5 kobolds
  4 quokkas
  3 ball pythons
  3 bats
  6 frilled lizards
  3 rats
44 creatures vanquished.

Notes
Turn   | Place    | Note
-------+----------+-------------------------------------------
     0 | D:1      | sking99 the Gargoyle Berserker began the quest for the Orb.
     0 | D:1      | Reached XP level 1. HP: 14/14 MP: 1/1
    92 | D:1      | Reached XP level 2. HP: 9/19 MP: 2/2
   280 | D:1      | Reached XP level 3. HP: 17/23 MP: 3/3
   791 | D:2      | Reached ** piety under Trog
   906 | D:2      | Found a faded altar of an unknown god.
  1204 | D:2      | Found Wotienk's Book Shop.
  1269 | D:2      | Reached skill level 4 in Maces & Flails
  1408 | D:2      | Reached XP level 4. HP: 29/29 MP: 4/4
  1510 | D:2      | Engulfed by a cloud of flame

Illustrated notes

Levels and vault maps discovered:
D:1:      dpeg_arrival_tiny_c, layout_basic, minmay_split_cup_large
D:2:      layout_loops_ring, serial_shops, nicolae_shop_hallway_stairs,
          chequers_ecumenical_altar_grove, lemuel_flame_loot_1

Skill      XL: |  1  2  3 |
---------------+----------+-----
Maces & Flails | 4 |  4.0
Fighting       | |  3.9
Armour         | |  2.9
Dodging        | |  1.5

Action                     |  1- 3 |  4- 6 || total
---------------------------+-------+-------++-------
  Melee: Mace              |   125 |       ||   125
         Punch             |     1 |       ||     1
 Armour: Animal skin       |    61 |     2 ||    63
  Dodge: Dodged            |    77 |       ||    77
  Block: Other             |    18 |       ||    18
